[Event "Titled Tuesday Blitz August 16 Early 2022"]
[White "Ajay, Karthikeyan"]
[Black "Veiga, Jose Francisco R P Neves"]
[WhiteFideId "35011685"]
[BlackFideId "1930087"]
[WhiteElo "2168"]
[BlackElo "2273"]
[Result "1-0"]
[Round "05"]
[TimeControl "180+2"]
[Date "2022.08.18"]
[WhiteClock "0:00:00"]
[BlackClock "0:00:00"]

1. e4 c5 2. Nf3 e6 3. g3 Nc6 4. Bg2 Nf6 5. Qe2 e5 6. O-O g6 7. Nc3 Bg7 8. Nd5 d6 9. c3 O-O 10. Ne1 Bg4 11. Nxf6+ 1-0


[Site "https://www.chess.com"]

[Event "Titled Tuesday Blitz August 16 Early 2022"]
[White "Ajay Krishna, S"]
[Black "Alexikov, Alexander"]
[WhiteFideId "5096430"]
[BlackFideId "14103958"]
[WhiteElo "2247"]
[BlackElo "2253"]
[Result "1-0"]
[Round "05"]
[TimeControl "180+2"]
[Date "2022.08.18"]
[WhiteClock "0:00:00"]
[BlackClock "0:00:00"]

1. e4 c5 2. Nc3 Nc6 3. Bb5 g6 4. Bxc6 dxc6 5. d3 Bg7 6. f4 Nf6 7. Nf3 Nd7 8. O-O Nf8 9. Be3 Ne6 10. Qd2 b6 11. Rae1 Nd4 12. Nd1 Bg4 13. c3 Nxf3+ 14. gxf3 Bh3 15. Rf2 O-O 16. Rfe2 Be6 17. b3 Bc8 18. Nf2 Ba6 19. Rd1 Qc7 20. Ree1 Rad8 21. Qc2 Rd7 22. h4 e6 23. h5 Qd8 24. hxg6 hxg6 25. Kg2 f5 26. Rh1 Bf6 27. Rh6 Rg7 28. Rdh1 Kf7 29. e5 Be7 30. d4 cxd4 31. cxd4 Qd5 32. Nh3 Rc8 33. b4 Bxb4 34. Ng5+ Ke7 35. Rh7 Rg8 36. Qa4 Ba5 37. Qa3+ c5 38. dxc5 Kd7 39. Rxg7+ Rxg7 40. c6+ Kxc6 41. Rc1+ Kb7 42. Qf8 Rc7 43. Rxc7+ Kxc7 44. Qe7+ Kc6 45. Nxe6 Bf1+ 46. Kxf1 1-0


[Site "https://www.chess.com"]

[Event "Titled Tuesday Blitz August 16 Early 2022"]
[White "Al-Tarboush, Ward"]
[Black "Grot, Blazej"]
[WhiteFideId "7601450"]
[BlackFideId "21835845"]
[WhiteElo "2234"]
[BlackElo "1614"]
[Result "1-0"]
[Round "05"]
[TimeControl "180+2"]
[Date "2022.08.18"]
[WhiteClock "0:00:00"]
[BlackClock "0:00:00"]

1. e4 c5 2. Nf3 e6 3. d4 cxd4 4. Nxd4 Nc6 5. Nc3 Qc7 6. Be3 a6 7. Qd2 Nf6 8. O-O-O d6 9. f3 Be7 10. g4 b5 11. h4 Bb7 12. h5 Ne5 13. g5 Nfd7 14. Be2 Nb6 15. g6 hxg6 16. hxg6 Nxg6 17. Rxh8+ Nxh8 18. f4 O-O-O 19. f5 e5 20. Ndxb5 axb5 21. Nxb5 Nc4 22. Qc3 Qa5 23. Qxc4+ Kb8 24. b4 Qa4 25. Qc7+ Ka8 26. Qxe7 Rc8 27. Nc7+ Kb8 28. Qxd6 Rxc7 29. Bd3 Qc6 30. Qxe5 f6 31. Qa5 Nf7 32. Bb6 Rd7 33. Ba7+ Kc8 34. b5 Qd6 35. Qc3+ Rc7 36. Qb3 Ne5 37. Qg8+ Qd8 38. Qxd8+ Kxd8 39. Bb6 Kc8 40. Bxc7 Kxc7 41. Rg1 Kb6 42. Rxg7 1-0


[Site "https://www.chess.com"]

[Event "Titled Tuesday Blitz August 16 Early 2022"]
[White "Aldokhin, Ivan"]
[Black "Balabayeva, Xeniya"]
[WhiteFideId "24115720"]
[BlackFideId "13719688"]
[WhiteElo "2246"]
[BlackElo "1895"]
[Result "1-0"]
[Round "05"]
[TimeControl "180+2"]
[Date "2022.08.18"]
[WhiteClock "0:00:00"]
[BlackClock "0:00:00"]

1. e4 c6 2. Nc3 d5 3. d4 dxe4 4. Nxe4 Nf6 5. Ng5 h6 6. Nxf7 Kxf7 7. Nf3 Ke8 8. Bd3 Be6 9. Qe2 Qc8 10. Bd2 Bf5 11. Ne5 Qe6 12. Bc4 Nd5 13. g4 Bxc2 14. f4 Nd7 15. f5 Qd6 16. O-O Nxe5 17. dxe5 Qc5+ 18. Rf2 Nb6 19. Be6 Qb5 20. Qf3 Qd3 21. Be3 Qe4 22. Qe2 Rd8 23. Qxc2 Qxe3 24. f6 Rd3 25. Bf5 Rd4 26. Rd1 Nd5 27. Rxd4 Qxd4 28. Be6 exf6 29. Bxd5 Qxd5 30. b4 1-0


[Site "https://www.chess.com"]

[Event "Titled Tuesday Blitz August 16 Early 2022"]
[White "Andreikin, Dmitry"]
[Black "Chigaev, Maksim"]
[WhiteFideId "4158814"]
[BlackFideId "4108116"]
[WhiteElo "2736"]
[BlackElo "2487"]
[Result "1-0"]
[Round "05"]
[TimeControl "180+1"]
[Date "2022.08.16"]
[WhiteClock "0:01:04"]
[BlackClock "0:00:03"]

1. d4 Nf6 2. c4 g6 3. Nc3 Bg7 4. e4 O-O 5. h3 d6 6. Be3 Nc6 7. d5 Ne5 8. f4 Ned7 9. Be2 e6 10. dxe6 fxe6 11. Qc2 Qe7 12. g4 Nb6 13. Nf3 Nfd7 14. O-O-O Nc5 15. e5 Bd7 16. h4 Nba4 17. h5 Nxc3 18. Qxc3 Ne4 19. Qc2 Ng3 20. hxg6 Nxh1 21. Rxh1 h6 22. g5 h5 23. Rxh5 Bc6 24. Rh7 Bxf3 25. Bxf3 dxe5 26. Qh2 Rad8 27. Bc5 Rd6 28. Bg4 Rxf4 29. Bxd6 cxd6 30. Bxe6+ Qxe6 31. Rxg7+ 1-0


[Site "https://www.chess.com"]

[Event "Titled Tuesday Blitz August 16 Early 2022"]
[White "Ansh M Shah"]
[Black "Skawinski, Arkadiusz"]
[WhiteFideId "25033379"]
[BlackFideId "1126415"]
[WhiteElo "1819"]
[BlackElo "2149"]
[Result "0-1"]
[Round "05"]
[TimeControl "180+2"]
[Date "2022.08.18"]
[WhiteClock "0:00:00"]
[BlackClock "0:00:00"]

1. d4 d5 2. c4 e6 3. Nf3 Nf6 4. g3 Be7 5. Bg2 O-O 6. O-O dxc4 7. Qc2 a6 8. a4 Bd7 9. Qxc4 Bc6 10. Bg5 Bd5 11. Qc2 Be4 12. Qc1 h6 13. Bxf6 Bxf6 14. Nc3 Bh7 15. Rd1 c6 16. Ne5 a5 17. Be4 Na6 18. Bxh7+ Kxh7 19. Ne4 Be7 20. Nc5 Qc7 21. Nxa6 Rxa6 22. Qc2+ Kg8 23. Rac1 Rd8 24. e3 Bf6 25. Nc4 Raa8 26. Qb3 g6 27. Rd2 h5 28. Rdc2 Kg7 29. h4 g5 30. hxg5 Bxg5 31. Ne5 h4 32. gxh4 Bxh4 33. Kf1 Bf6 34. Nf3 Rh8 35. Ke2 Qe7 36. Rg1+ Kf8 37. Qb6 Ra6 38. Qc5 Qxc5 39. dxc5 Ra8 40. Rd1 Ke7 41. b3 Rad8 42. Rcd2 Rd5 43. Rxd5 exd5 44. Nd4 Be5 45. Rg1 Kf6 46. Kd3 Bc7 47. Rg2 Bd8 48. e4 dxe4+ 49. Kxe4 Be7 50. Nf5 Bxc5 51. f3 Re8+ 52. Kf4 Re5 53. Ng3 Be3+ 54. Kg4 Rg5+ 55. Kh3 Ke5 56. Kh4 Rg6 57. f4+ Kxf4 58. Ne2+ Kf3 59. Rxg6 fxg6 60. Nc3 g5+ 61. Kh5 g4 0-1


[Site "https://www.chess.com"]

[Event "Titled Tuesday Blitz August 16 Early 2022"]
[White "Arslanov, Shamil"]
[Black "Matinian, Nikita"]
[WhiteFideId "4192826"]
[BlackFideId "24129100"]
[WhiteElo "2338"]
[BlackElo "2422"]
[Result "1-0"]
[Round "05"]
[TimeControl "180+2"]
[Date "2022.08.18"]
[WhiteClock "0:00:00"]
[BlackClock "0:00:00"]

1. e4 c5 2. Nc3 Nc6 3. f4 g6 4. Nf3 Bg7 5. Bc4 e6 6. f5 Nge7 7. fxe6 fxe6 8. d3 d5 9. Bb5 O-O 10. Bxc6 Nxc6 11. O-O c4 12. Kh1 cxd3 13. cxd3 Bxc3 14. bxc3 dxe4 15. Ng5 Qxd3 16. Rxf8+ Kxf8 17. Qe1 e5 18. Ba3+ Kg7 19. Rd1 Qc4 20. Qh4 h5 21. Nxe4 Qf7 22. Nd6 Qf8 23. Qc4 Bf5 24. Rf1 Qg8 25. Qb5 Rb8 26. Nxf5+ gxf5 27. Rxf5 Qxa2 28. Rg5+ Kh6 29. Bc1 Rd8 30. Qf1 Kh7 31. Qf5+ 1-0


[Site "https://www.chess.com"]

[Event "Titled Tuesday Blitz August 16 Early 2022"]
[White "Atakhan, Abtin"]
[Black "Ponce Cano, Adrian"]
[WhiteFideId "22502203"]
[BlackFideId "22296913"]
[WhiteElo "2087"]
[BlackElo "2261"]
[Result "1-0"]
[Round "05"]
[TimeControl "180+2"]
[Date "2022.08.18"]
[WhiteClock "0:00:00"]
[BlackClock "0:00:00"]

1. e4 c5 2. Nc3 a6 3. Nge2 b5 4. g3 Bb7 5. Bg2 Nf6 6. O-O e6 7. d3 Be7 8. h3 d5 9. exd5 exd5 10. Bg5 b4 11. Nb1 O-O 12. Nd2 h6 13. Bxf6 Bxf6 14. c3 bxc3 15. bxc3 Nd7 16. Rb1 Bc6 17. c4 Ne5 18. cxd5 Bxd5 19. Ne4 Bxe4 20. Bxe4 Rb8 21. Qa4 Rxb1 22. Rxb1 Nxd3 23. Rd1 Nb2 24. Bh7+ Kxh7 25. Qe4+ g6 26. Rxd8 Rxd8 27. Nf4 c4 28. Qb7 Kg8 29. Nd5 Bg7 30. Qc6 a5 31. Kg2 a4 32. a3 Rb8 33. Qc7 Re8 34. Qd7 Re2 35. Qd8+ Kh7 36. Kf3 Re1 37. Ne7 h5 38. Qg8+ Kh6 39. Qxf7 Kh7 40. Qxg6+ Kh8 41. Qxh5+ Bh6 42. Qxh6# 1-0


[Site "https://www.chess.com"]

[Event "Titled Tuesday Blitz August 16 Early 2022"]
[White "Averjanov, Alexey"]
[Black "D`Arruda, Ricardo D."]
[WhiteFideId "14109867"]
[BlackFideId "100692"]
[WhiteElo "2399"]
[BlackElo "2271"]
[Result "0-1"]
[Round "05"]
[TimeControl "180+2"]
[Date "2022.08.18"]
[WhiteClock "0:00:00"]
[BlackClock "0:00:00"]

1. d4 Nf6 2. c4 e5 3. dxe5 Ne4 4. a3 Nc6 5. Nf3 d6 6. exd6 Bxd6 7. Nbd2 Bf5 8. Nxe4 Bxe4 9. e3 Qf6 10. Be2 O-O-O 11. Qb3 Rhe8 12. Bd2 Qg6 13. O-O Qh6 14. h3 g5 15. Rfd1 f5 16. Ne1 g4 17. Bd3 gxh3 18. Bxe4 fxe4 19. g3 h2+ 20. Kh1 Rf8 21. Ng2 Rxf2 22. Nf4 Bxf4 23. exf4 Qh3 24. Be3 Qg2# 0-1


[Site "https://www.chess.com"]

[Event "Titled Tuesday Blitz August 16 Early 2022"]
[White "Babazada, Khazar"]
[Black "Barp, Alberto"]
[WhiteFideId "13413554"]
[BlackFideId "872555"]
[WhiteElo "2409"]
[BlackElo "2229"]
[Result "1-0"]
[Round "05"]
[TimeControl "180+1"]
[Date "2022.08.16"]
[WhiteClock "0:00:51"]
[BlackClock "0:00:39"]

1. e4 c5 2. Nf3 a6 3. c3 d5 4. exd5 Qxd5 5. d4 Nf6 6. Be2 e6 7. O-O cxd4 8. cxd4 Be7 9. Nc3 Qd6 10. Ne5 O-O 11. Bf4 Qb6 12. Na4 Qd8 13. Rc1 Nd5 14. Bg3 Nd7 15. Bd3 Nxe5 16. dxe5 b6 17. Qh5 g6 18. Qe2 Bb7 19. a3 Qd7 20. Nc3 Nxc3 21. Rxc3 Qd5 22. f3 Rfc8 23. Rfc1 Bc5+ 24. Bf2 Bxf2+ 25. Kxf2 Rxc3 26. Rxc3 Rc8 27. Rxc8+ Bxc8 28. Qe3 Qc6 29. Qd4 Qc7 30. h4 a5 31. h5 Kf8 32. h6 Qc5 33. Qxc5+ bxc5 34. g4 Ke7 35. g5 Kd8 36. Bb5 Bd7 37. Bd3 Kc7 38. Ke3 Bc6 39. f4 Bd5 40. Kd2 Kb6 41. Kc3 Bc6 42. Bc4 Bd7 43. Ba2 Bc6 44. f5 gxf5 45. Bxe6 1-0


[Site "https://www.chess.com"]

[Event "Titled Tuesday Blitz August 16 Early 2022"]
[White "Bachmann, Axel"]
[Black "So, Wesley"]
[WhiteFideId "3700488"]
[BlackFideId "5202213"]
[WhiteElo "2595"]
[BlackElo "2763"]
[Result "1/2-1/2"]
[Round "05"]
[TimeControl "180+1"]
[Date "2022.08.16"]
[WhiteClock "0:00:17"]
[BlackClock "0:00:06"]

1. e4 c5 2. Nc3 d6 3. g3 g6 4. Bg2 Bg7 5. d3 Nc6 6. Be3 Rb8 7. a4 a6 8. Qd2 b5 9. axb5 axb5 10. Nge2 Nd4 11. O-O b4 12. Bxd4 cxd4 13. Nd5 b3 14. cxb3 e6 15. Nb4 Ne7 16. Rfc1 Qb6 17. Nc2 O-O 18. b4 Nc6 19. h4 Nxb4 20. Na3 d5 21. exd5 exd5 22. h5 Bf5 23. h6 Bf6 24. Nf4 Bg5 25. Bf1 Bxh6 26. Nc2 Qd6 27. Nxb4 Bxf4 28. Qxf4 Qxf4 29. gxf4 Rxb4 30. Ra5 Rd8 31. Rcc5 Rxb2 32. Rxd5 Rc8 33. Rac5 Rxc5 34. Rxc5 Rb1 35. Kg2 Bh3+ 36. Kxh3 Rxf1 37. Rd5 Rxf2 38. Kg3 Rf1 39. Rxd4 Kg7 40. Rd7 h5 41. d4 Rg1+ 42. Kf3 h4 43. Rc7 Kh6 44. Kf2 Rg4 45. Rxf7 h3 46. Rf8 Kh7 47. Ra8 Rg2+ 48. Kf3 Rd2 49. Ra1 Kg7 50. Rh1 h2 51. Kg3 Rd3+ 52. Kg4 Rd2 53. Kg3 Rd3+ 54. Kg4 Rxd4 55. Rxh2 Kf6 1/2-1/2


[Site "https://www.chess.com"]

[Event "Titled Tuesday Blitz August 16 Early 2022"]
[White "Barrientos, Sergio E"]
[Black "Reprintsev, Alexander"]
[WhiteFideId "4401824"]
[BlackFideId "14100541"]
[WhiteElo "2397"]
[BlackElo "2108"]
[Result "1-0"]
[Round "05"]
[TimeControl "180+2"]
[Date "2022.08.18"]
[WhiteClock "0:00:00"]
[BlackClock "0:00:00"]

1. d4 d5 2. c4 e5 3. Nf3 e4 4. Nfd2 c6 5. e3 Be6 6. Nc3 Nf6 7. a3 a6 8. b4 b5 9. cxb5 cxb5 10. Bb2 Nbd7 11. Qb3 Nb6 12. h3 Nc4 13. Be2 Bd6 14. a4 Rb8 15. axb5 axb5 16. Bc1 O-O 17. O-O Bc7 18. Ra6 Bc8 19. Rxf6 gxf6 20. Re1 Qd6 21. Nf1 Bd7 22. g3 Bxh3 23. Nh2 Bd7 24. Bg4 f5 25. Bh3 h5 26. Ne2 h4 27. Nf4 hxg3 28. fxg3 Qh6 29. Kg2 Bxf4 30. exf4 Ra8 31. Nf1 Kg7 32. Ne3 Rh8 33. Rh1 Ra3 34. Bxa3 Be6 35. Bc1 Qh5 36. Qd1 Qg6 37. Kf2 Ra8 38. Bf1 Ra2+ 39. Be2 Kf8 40. Nxc4 dxc4 41. Be3 Bd7 42. Qb1 Qa6 43. Rh8+ Ke7 44. Qh1 c3 45. Qh4+ Qf6 46. Qxf6+ Kxf6 47. d5 Ke7 48. Bc5+ Kf6 49. Bd4+ Ke7 50. Bxc3 Kd6 51. Rd8 Kc7 52. Rf8 Kd6 53. Rxf7 Bc8 54. Ke3 Kxd5 55. Rc7 Ba6 56. Rc5+ Ke6 57. Bxb5 Bxb5 58. Rxb5 Rg2 59. Re5+ Kd6 60. Rxf5 Rxg3+ 61. Kd4 Rd3+ 62. Kc4 Kc6 63. b5+ Kc7 64. Be5+ 1-0


[Site "https://www.chess.com"]

[Event "Titled Tuesday Blitz August 16 Early 2022"]
[White "Bashirli, Saadat"]
[Black "Kohler, Aran"]
[WhiteFideId "13429990"]
[BlackFideId "1002856"]
[WhiteElo "1173"]
[BlackElo "2060"]
[Result "0-1"]
[Round "05"]
[TimeControl "180+2"]
[Date "2022.08.18"]
[WhiteClock "0:00:00"]
[BlackClock "0:00:00"]

1. Nf3 g6 2. g3 Bg7 3. Bg2 d6 4. O-O e5 5. e3 Nc6 6. d4 e4 7. Nfd2 d5 8. c4 f5 9. Nc3 Nce7 10. cxd5 Nxd5 11. Nc4 Nge7 12. Qb3 c6 13. Bd2 O-O 14. f3 b5 15. Ne5 Bxe5 16. dxe5 Be6 17. f4 Nxf4 18. Qc2 Nd3 19. Nxe4 fxe4 20. Bxe4 Nxe5 21. Bc3 Nc4 22. Qe2 Qb6 23. Bd4 c5 24. Bf6 Nd5 25. Bxd5 Bxd5 26. Bg5 Qe6 27. Bf4 Qe4 28. Kf2 g5 29. Qg4 Qg2+ 30. Ke1 Qd2# 0-1


[Site "https://www.chess.com"]

[Event "Titled Tuesday Blitz August 16 Early 2022"]
[White "Begunov, Konstantin"]
[Black "Maiorov, Nikita"]
[WhiteFideId "4118510"]
[BlackFideId "13501720"]
[WhiteElo "2262"]
[BlackElo "2409"]
[Result "1-0"]
[Round "05"]
[TimeControl "180+2"]
[Date "2022.08.18"]
[WhiteClock "0:00:00"]
[BlackClock "0:00:00"]

1. d4 Nf6 2. c4 e6 3. Nf3 d5 4. Nc3 Be7 5. cxd5 exd5 6. Bg5 O-O 7. Qc2 c6 8. e3 Nbd7 9. Bd3 Re8 10. O-O Nf8 11. Rab1 h6 12. Bh4 Ne4 13. Bxe4 Bxh4 14. Bf5 Bf6 15. b4 a6 16. a4 Bxf5 17. Qxf5 Rc8 18. b5 g6 19. Qd3 a5 20. bxc6 bxc6 21. Rb7 Re7 22. Rfb1 Ne6 23. Qa6 Rxb7 24. Qxb7 Bg7 25. g3 Bf8 26. Rb6 Bb4 27. Rxc6 Rb8 28. Qa6 Qf6 29. Kg2 Bxc3 30. Rc8+ Rxc8 31. Qxc8+ Kg7 32. Qxc3 Qf5 33. Nd2 Ng5 34. Qxa5 Qd3 35. h4 Ne6 36. Qb4 g5 37. hxg5 Nxg5 38. a5 Qf5 39. a6 Qh3+ 40. Kg1 Qf5 41. a7 Nh3+ 42. Kg2 1-0


[Site "https://www.chess.com"]

[Event "Titled Tuesday Blitz August 16 Early 2022"]
[White "Bilych, Olexiy"]
[Black "Le, Tuan Minh"]
[WhiteFideId "14156504"]
[BlackFideId "12401153"]
[WhiteElo "2157"]
[BlackElo "2530"]
[Result "0-1"]
[Round "05"]
[TimeControl "180+1"]
[Date "2022.08.16"]
[WhiteClock "0:00:09"]
[BlackClock "0:00:11"]

1. e4 c5 2. Nc3 Nc6 3. Bb5 Nd4 4. Nf3 e6 5. O-O a6 6. Bd3 Nc6 7. Be2 Nf6 8. d4 cxd4 9. Nxd4 Qc7 10. Be3 Be7 11. f4 d6 12. Kh1 O-O 13. Qe1 Bd7 14. Qg3 Rfe8 15. Rae1 b5 16. a3 Rac8 17. Nxc6 Bxc6 18. Bd4 Red8 19. Bf3 Ne8 20. f5 e5 21. Be3 a5 22. Bh6 Bf6 23. Bd2 b4 24. axb4 axb4 25. Ne2 Qb7 26. c3 b3 27. Nc1 d5 28. exd5 Bxd5 29. Bxd5 Rxd5 30. Bg5 Qb5 31. Bxf6 Nxf6 32. c4 Rxc4 33. Qxb3 Rb4 34. Qc3 h6 35. b3 Re4 36. h3 Kh7 37. Qc7 Rd7 38. Qc3 Red4 39. Ne2 Rd3 40. Qc4 Qxb3 41. Qxb3 Rxb3 42. Ng1 e4 43. Ne2 Re7 44. Nf4 Rb5 45. g4 Nd7 46. Kg2 Rb3 47. Nd5 Re5 48. Ne3 Nc5 49. Kg3 Rd5 50. Re2 Rdd3 51. Kf4 Rdc3 52. Rd1 Rb4 53. Rd5 Nd3+ 54. Kg3 Rbb3 55. Rd4 Nc1 56. Re1 Rxe3+ 57. Rxe3 Rxe3+ 58. Kf4 Rxh3 59. Rd6 0-1


[Site "https://www.chess.com"]

[Event "Titled Tuesday Blitz August 16 Early 2022"]
[White "Blanco Ronquillo, Humberto L."]
[Black "Demin, Vladimir"]
[WhiteFideId "3504239"]
[BlackFideId "4167457"]
[WhiteElo "2425"]
[BlackElo "2430"]
[Result "0-1"]
[Round "05"]
[TimeControl "180+2"]
[Date "2022.08.18"]
[WhiteClock "0:00:00"]
[BlackClock "0:00:00"]

1. d4 Nf6 2. c4 e6 3. Nf3 d5 4. Nc3 c5 5. cxd5 cxd4 6. Qxd4 exd5 7. Bg5 Be7 8. e3 O-O 9. Rd1 Be6 10. Be2 Nc6 11. Qa4 Qb6 12. Qb5 Rfd8 13. O-O h6 14. Bh4 Rac8 15. Qxb6 axb6 16. Nb5 g5 17. Bg3 Bc5 18. a3 Ne4 19. Bc7 Rd7 20. b4 Rdxc7 21. Nxc7 Rxc7 22. bxc5 bxc5 23. Rc1 c4 24. Rfd1 Nc5 25. Nd2 b5 26. Rb1 Rb7 27. Rdc1 Bf5 28. Rb2 Na5 29. Nf3 Na4 30. Rb4 Nc6 31. Nd4 Nxb4 32. Nxf5 Na2 33. Rc2 N4c3 34. Bf3 Ra7 35. Bxd5 Nxd5 36. Rxa2 b4 37. Nd4 b3 38. Rb2 Rxa3 39. Kf1 Nc3 40. f3 Ra1+ 41. Kf2 Nd1+ 0-1


[Site "https://www.chess.com"]

[Event "Titled Tuesday Blitz August 16 Early 2022"]
[White "Bodnar, Nikolay"]
[Black "Matveeva, Olga"]
[WhiteFideId "14106469"]
[BlackFideId "24107018"]
[WhiteElo "2283"]
[BlackElo "2052"]
[Result "0-1"]
[Round "05"]
[TimeControl "180+2"]
[Date "2022.08.18"]
[WhiteClock "0:00:00"]
[BlackClock "0:00:00"]

1. c4 e6 2. g3 Nf6 3. Bg2 d5 4. Nf3 c5 5. cxd5 Nxd5 6. d4 cxd4 7. Nxd4 Bb4+ 8. Bd2 Bxd2+ 9. Qxd2 O-O 10. O-O Nc6 11. Nxc6 bxc6 12. Rc1 Qb6 13. e4 Nf6 14. e5 Nd5 15. Nc3 Rb8 16. Na4 Qb4 17. Qc2 Bb7 18. a3 Qd4 19. Re1 Ba6 20. b4 Bb5 21. Nc5 Rfd8 22. Rad1 Qc4 23. Qb2 a5 24. Re4 Qc3 25. Qb1 axb4 26. axb4 Ra8 27. Rh4 g6 28. Qe4 Ra2 29. Qg4 Qc2 30. Qf3 Be2 31. Qf4 Qxd1+ 0-1


[Site "https://www.chess.com"]

[Event "Titled Tuesday Blitz August 16 Early 2022"]
[White "Boros, Denes"]
[Black "Tasev, Dejan"]
[WhiteFideId "722340"]
[BlackFideId "936618"]
[WhiteElo "2464"]
[BlackElo "2253"]
[Result "1-0"]
[Round "05"]
[TimeControl "180+2"]
[Date "2022.08.18"]
[WhiteClock "0:00:00"]
[BlackClock "0:00:00"]

1. e4 c6 2. Nc3 d5 3. exd5 cxd5 4. d4 Nc6 5. Bf4 a6 6. Bg5 h6 7. Bh4 g5 8. Bg3 Bg7 9. Nf3 Bg4 10. Be2 Bxf3 11. Bxf3 e6 12. Ne2 h5 13. h3 Qb6 14. c4 Nge7 15. cxd5 exd5 16. O-O g4 17. hxg4 hxg4 18. Bxg4 Nxd4 19. Nxd4 Bxd4 20. Re1 Kf8 21. Rc1 Qh6 22. Bh3 Qg7 23. Qf3 Re8 24. Bd6 Qf6 25. Qxf6 Bxf6 26. Rc7 d4 27. Rxb7 d3 28. Rb3 Rd8 29. Rxd3 Rxd6 30. Rxd6 Kg7 31. b4 Rc8 32. Bxc8 1-0


[Site "https://www.chess.com"]

[Event "Titled Tuesday Blitz August 16 Early 2022"]
[White "Brodowski, Piotr"]
[Black "Belov, Vladimir"]
[WhiteFideId "1124480"]
[BlackFideId "4132394"]
[WhiteElo "2312"]
[BlackElo "2501"]
[Result "0-1"]
[Round "05"]
[TimeControl "180+1"]
[Date "2022.08.16"]
[WhiteClock "0:00:02"]
[BlackClock "0:00:08"]

1. c4 Nf6 2. Nc3 c5 3. g3 e6 4. Bg2 d5 5. cxd5 exd5 6. d3 d4 7. Ne4 Nxe4 8. Bxe4 Bd6 9. Nf3 O-O 10. O-O Nd7 11. b4 cxb4 12. Nxd4 Nc5 13. Bb2 Nxe4 14. dxe4 Bh3 15. Re1 Re8 16. Nf5 Bf8 17. f3 Qb6+ 18. Bd4 Qe6 19. g4 Rad8 20. e3 h5 21. Ng3 hxg4 22. f4 a5 23. Qd3 Rc8 24. e5 a4 25. f5 Qc4 26. Qxc4 Rxc4 27. Rab1 Rec8 28. Re2 Rc2 29. Rb2 Rc1+ 30. Kf2 b5 31. Red2 b3 32. axb3 a3 33. Ra2 Rb1 34. Ne4 Rf1+ 35. Kg3 Rf3+ 36. Kh4 Rxf5 37. Nd6 Be7+ 38. Kg3 Rf3# 0-1


[Site "https://www.chess.com"]

[Event "Titled Tuesday Blitz August 16 Early 2022"]
[White "Bykhovsky, Anatoly"]
[Black "Mamedov, Rauf"]
[WhiteFideId "2806991"]
[BlackFideId "13401653"]
[WhiteElo "2540"]
[BlackElo "2666"]
[Result "1-0"]
[Round "05"]
[TimeControl "180+1"]
[Date "2022.08.16"]
[WhiteClock "0:00:14"]
[BlackClock "0:00:24"]

1. d4 Nf6 2. c4 g6 3. Nc3 Bg7 4. e4 d6 5. Nf3 O-O 6. Be2 Na6 7. O-O e5 8. Bg5 h6 9. Bh4 Qe8 10. Bxf6 Bxf6 11. c5 exd4 12. Nd5 Qd8 13. Bxa6 bxa6 14. cxd6 Qxd6 15. Nxf6+ Qxf6 16. Qxd4 Qb6 17. Rac1 Bg4 18. Qxb6 cxb6 19. Ne5 Be6 20. a3 Rfd8 21. f4 Ba2 22. Nc6 Rd7 23. Nb4 Bb3 24. Rf3 Bd1 25. Rfc3 Rd2 26. Rd3 Rxd3 27. Nxd3 Bb3 28. Kf2 Re8 29. Ke3 Bd5 30. Ne5 Ba8 31. Rc7 g5 32. Rxa7 f6 33. Ng4 Rxe4+ 34. Kd3 Rxf4 35. Nxh6+ Kf8 36. Rxa8+ Kg7 37. Rxa6 b5 38. Rb6 Kxh6 39. Rxb5 Rf2 40. a4 Rxg2 41. a5 Rg1 42. b4 Ra1 43. Ke4 Kg6 44. Rb6 g4 45. Kf4 Kh5 46. Rxf6 Rb1 47. Rb6 Rb2 48. a6 Rxh2 49. a7 Ra2 50. Rb5+ Kh4 51. Ra5 1-0


[Site "https://www.chess.com"]

[Event "Titled Tuesday Blitz August 16 Early 2022"]
[White "Carrasco Miranda, Andres"]
[Black "Vysochin, Spartak"]
[WhiteFideId "3405990"]
[BlackFideId "14103516"]
[WhiteElo "2177"]
[BlackElo "2355"]
[Result "1-0"]
[Round "05"]
[TimeControl "180+2"]
[Date "2022.08.18"]
[WhiteClock "0:00:00"]
[BlackClock "0:00:00"]

1. d4 d5 2. c4 e6 3. Nf3 Nf6 4. g3 Be7 5. Bg2 O-O 6. O-O b6 7. cxd5 exd5 8. Nc3 Bb7 9. Bf4 Nbd7 10. Ne5 Rc8 11. Qa4 a5 12. Rfd1 Nh5 13. Qxd7 Nxf4 14. gxf4 Qxd7 15. Nxd7 Rfd8 16. Ne5 Bf6 17. Rac1 c6 18. e3 Kf8 19. Na4 b5 20. Nc5 Ba8 21. Ncd7+ Ke7 22. Nxf6 gxf6 23. Nd3 Rg8 24. Kf1 h5 25. Rc3 Rc7 26. Bxd5 Rgc8 27. Bf3 c5 28. Bxa8 Rxa8 29. Rxc5 Rb7 30. Rdc1 Kd6 31. Rc6+ Kd7 32. Rxf6 1-0


[Site "https://www.chess.com"]

[Event "Titled Tuesday Blitz August 16 Early 2022"]
[White "Chen, Justin"]
[Black "Sarana, Alexey"]
[WhiteFideId "2098199"]
[BlackFideId "24133795"]
[WhiteElo "2289"]
[BlackElo "2666"]
[Result "0-1"]
[Round "05"]
[TimeControl "180+1"]
[Date "2022.08.16"]
[WhiteClock "0:00:01"]
[BlackClock "0:02:28"]

1. e4 c5 2. Nf3 d6 3. Bb5+ Bd7 4. Bxd7+ Nxd7 5. O-O e6 6. b3 Be7 7. Bb2 Bf6 8. Bxf6 Ngxf6 9. Qe2 Ne5 10. Nxe5 dxe5 11. Qb5+ Nd7 12. Qxb7 O-O 13. Nc3 Nb6 14. Rad1 a6 15. a4 Qd6 16. a5 Nd7 17. Nb5 axb5 18. Qxb5 Rfb8 19. Qa4 Rb4 20. Qa3 Rxe4 21. d3 Rb4 22. Rfe1 Rb5 23. Ra1 Rbxa5 24. Qxa5 Rxa5 25. Rxa5 g6 26. h3 h5 27. Ra4 Nf6 28. Rb1 Nd5 29. Rc4 Nf4 30. Re1 Qd5 31. f3 h4 32. Ree4 Kg7 33. Kf2 g5 34. Re3 Kg6 35. Ree4 f6 36. Re1 Qb7 37. Ra4 Qb6 38. Kf1 Nd5 39. Rea1 Ne3+ 40. Kg1 Nxc2 41. Ra6 Qxb3 42. R1a2 Ne3 0-1


[Site "https://www.chess.com"]

[Event "Titled Tuesday Blitz August 16 Early 2022"]
[White "Costachi, Mihnea"]
[Black "Bortnyk, Olexandr"]
[WhiteFideId "1217518"]
[BlackFideId "14120828"]
[WhiteElo "2437"]
[BlackElo "2723"]
[Result "0-1"]
[Round "05"]
[TimeControl "180+1"]
[Date "2022.08.16"]
[WhiteClock "0:00:11"]
[BlackClock "0:00:06"]

1. d4 d6 2. c4 e5 3. Nf3 e4 4. Ng5 f5 5. g3 Be7 6. Bg2 Bxg5 7. O-O Bxc1 8. Qxc1 Nf6 9. f3 exf3 10. exf3 O-O 11. Nc3 Be6 12. d5 Bd7 13. Ne2 c6 14. dxc6 Nxc6 15. Kh1 Re8 16. Nf4 Qb6 17. Qd2 Qd4 18. Qc2 Rac8 19. Rad1 Qc5 20. b3 b5 21. Qd2 bxc4 22. bxc4 Ne5 23. Rc1 Nxc4 24. Qd3 Bb5 25. Rfd1 g6 26. Bf1 Kg7 27. Qc3 Qe5 28. Qb3 g5 29. Nd3 Qd5 30. Nb4 Qb7 31. a4 Re3 32. Qb1 Bxa4 33. Qxf5 Rc5 34. Rd5 Rxd5 35. Nxd5 Qxd5 36. Qxd5 Nxd5 37. Bxc4 Ne7 38. Ra1 Bc6 39. Rxa7 Bxf3+ 40. Kg1 g4 41. Kf2 Re5 42. h3 h5 43. hxg4 hxg4 44. Bd3 Kf6 45. Ra4 Nd5 46. Rd4 Rh5 47. Kg1 Rh1+ 48. Kf2 Rh2+ 49. Ke1 Rh1+ 50. Kf2 Rd1 51. Rxd5 Bxd5 52. Be2 Rd4 53. Bxg4 Rxg4 54. Ke3 Ke5 55. Kf2 Be4 56. Kg1 Rxg3+ 57. Kh2 Rg2+ 58. Kh1 Ra2+ 59. Kg1 Kf4 60. Kf1 Bf3 61. Kg1 Kg3 62. Kf1 Ra1# 0-1


[Site "https://www.chess.com"]

[Event "Titled Tuesday Blitz August 16 Early 2022"]
[White "Cramling Bellon, Anna"]
[Black "Buscar, Michael"]
[WhiteFideId "32009232"]
[BlackFideId "2603616"]
[WhiteElo "1905"]
[BlackElo "2010"]
[Result "0-1"]
[Round "05"]
[TimeControl "180+2"]
[Date "2022.08.18"]
[WhiteClock "0:00:00"]
[BlackClock "0:00:00"]

1. d4 d5 2. c4 e6 3. Nc3 Nf6 4. cxd5 exd5 5. Bg5 Be7 6. e3 a6 7. Bd3 O-O 8. Qc2 Nbd7 9. Nf3 Re8 10. O-O Nf8 11. h3 c6 12. Ne5 g6 13. Rab1 Ne6 14. Bh4 Ng7 15. Bg3 Bf5 16. b4 Bd6 17. a4 Qe7 18. b5 cxb5 19. axb5 a5 20. Bh4 Bxe5 21. Nxd5 Qe6 22. Bxf6 Qxd5 23. Bxe5 Rxe5 24. e4 Bxe4 25. Bxe4 Rxe4 26. Rfd1 Rxd4 27. Rxd4 Qxd4 28. Rd1 Qb4 29. Qc7 Qxb5 30. Rd8+ Rxd8 31. Qxd8+ Ne8 0-1


[Site "https://www.chess.com"]